 Dungeon Crawl Stone Soup version 0.30-a0-758-gc2c871d025 (console) character file.

Game seed: 204900260812414600

4 Ignak the Ogre Mage (level 1, 0/16 HPs)
             Began as an Ogre Hedge Wizard on Feb 10, 2023.
             Slain by a giant cockroach (2 damage)
             ... on level 1 of the Dungeon.
             The game lasted 00:00:23 (212 turns).

Ignak the Ogre Mage (Ogre Hedge Wizard)              Turns: 212, Time: 00:00:23

Health: 0/16       AC:  3    Str: 13    XL:     1   Next: 70%
Magic:  5/5        EV:  9    Int: 15    God:
Gold:   16         SH:  0    Dex:  8    Spells: 6/7 levels left

rFire   . . .      SeeInvis .    a - +0 dagger
rCold   . . .      Faith    .    (no shield)
rNeg    . . .      Spirit   .    b - +0 robe
rPois   .          Reflect  .    c - +0 hat
rElec   .          Harm     .    (no cloak)
rCorr   .          Rampage  .    (gloves unavailable)
Will    .....                    (boots unavailable)
Stlth   +                        (no amulet)
HPRegen 0.22/turn                (no ring)
MPRegen 0.09/turn                (no ring)

@: no status effects
A: large, unfitting armour, tough skin 1
a: no special abilities


You were on level 1 of the Dungeon.
You visited 1 branch of the dungeon, and saw 1 of its levels.

You collected 16 gold pieces.

Inventory:

Hand Weapons
 a - a +0 dagger (weapon)
Armour
 b - a +0 robe (worn)
 c - a +0 hat (worn)
Potions
 d - a potion of magic
 e - a potion of brilliance {unknown}


   Skills:
 + Level 1.8 Dodging
 + Level 1.4 Stealth
 + Level 3.6 Spellcasting
 + Level 1.0 Conjurations
 + Level 1.0 Summonings
 + Level 1.0 Translocations


You had 6 spell levels left.
You knew the following spells:

 Your Spells              Type           Power      Damage    Failure   Level
a - Magic Dart            Conj           20%        1d4       12%         1

Your spell library contained the following spells:

 Spells                   Type           Power      Damage    Failure   Level
 Slow                     Hex            8%         N/A       19%         1
 Blink                    Tloc           10%        N/A       19%         2
 Call Imp                 Summ           5%         N/A       19%         2
 Cigotuvi's Dreadful Rot  Necr/Pois/Air  4%         N/A       28%         2
 Mephitic Cloud           Conj/Pois/Air  3%         N/A       43%         3


Dungeon Overview and Level Annotations

Branches:
Dungeon (1/15)

Altars:


Innate Abilities, Weirdness & Mutations

You are too large for most types of armour.
You have tough skin. (AC +1)


Message History

You are too injured to fight recklessly!
You hit the goblin.
The goblin is severely wounded.
The giant cockroach bites you.
* * * LOW HITPOINT WARNING * * *
The goblin closely misses you.
You hit the goblin.
You kill the goblin!
The giant cockroach bites you.
* * * LOW HITPOINT WARNING * * *
Your Summonings skill increases to level 1!
Your Translocations skill increases to level 1!
The giant cockroach bites you but does no damage.
The giant cockroach barely misses you.
Things that are here:
a +0 club; a goblin corpse You closely miss the giant cockroach.
The giant cockroach barely misses you. The giant cockroach bites you.
* * * LOW HITPOINT WARNING * * *
You hit the giant cockroach but do no damage.
The giant cockroach bites you but does no damage.
You barely miss the giant cockroach. The giant cockroach bites you.
* * * LOW HITPOINT WARNING * * *
The giant cockroach bites you but does no damage.
You hit the giant cockroach but do no damage.
The giant cockroach closely misses you.
You barely miss the giant cockroach.
The giant cockroach bites you but does no damage.
You barely miss the giant cockroach. The giant cockroach barely misses you.
You barely miss the giant cockroach. The giant cockroach closely misses you.
You hit the giant cockroach.
The giant cockroach is moderately wounded.
The giant cockroach bites you but does no damage. x2
You hit the giant cockroach but do no damage.
The giant cockroach is moderately wounded.
The giant cockroach barely misses you.
You hit the giant cockroach but do no damage.
The giant cockroach is moderately wounded.
The giant cockroach bites you.
You die...

## .. .###
########...
#........#
#........+
###........######
........B...#...
#######@).#.#.####
#.#..........
##...#..#.### # #
#.....[..#.####.##..
#.#.................
#.###......#.##.....
. .........†..>.# ##
##########.##+##
............#


You could see a giant cockroach.

Vanquished Creatures
  An endoplasm (D:1)
  A goblin (D:1)
  A hobgoblin (D:1)
  A frilled lizard (D:1)
4 creatures vanquished.

Notes
Turn   | Place    | Note
-------+----------+-------------------------------------------
     0 | D:1      | Ignak the Ogre Hedge Wizard began the quest for the Orb.
     0 | D:1      | Reached XP level 1. HP: 16/16 MP: 5/5
   143 | D:1      | Reached skill level 1 in Conjurations
   200 | D:1      | Reached skill level 1 in Summonings
   200 | D:1      | Reached skill level 1 in Translocations
   212 | D:1      | Slain by a giant cockroach

Illustrated notes

Levels and vault maps discovered:
D:1:      heliophobic_arrival_ceremonial_halls, layout_basic,
          kennysheep_decorative_pillar

Skill      XL: |  1 |
---------------+----+-----
Conjurations   | 1 |  1.0
Summonings     | 1 |  1.0
Translocations | 1 |  1.0
Dodging        | |  1.8
Stealth        | |  1.4
Spellcasting   | |  3.6

Action                     || total
---------------------------++-------
  Melee: Dagger            ||    35
 Armour: Robe              ||    13
  Dodge: Dodged            ||    16

Table legend: (Time is in decaauts)
 A = Elapsed time spent in this place.
 B = Non-inter-level travel time spent in this place.
 C = Inter-level travel time spent in this place.
 D = Time resting spent in this place.
 E = Time spent auto-exploring this place.
 F = Levels seen in this place.
 G = Mean time per level.
                   A        B        C        D        E       F      G
               +--------+--------+--------+--------+--------+-----+--------+
         Total |    212 |    212 |      0 |     42 |     89 |   1 |  212.0 |
       Dungeon |    212 |    212 |      0 |     42 |     89 |   1 |  212.0 |
               +--------+--------+--------+--------+--------+-----+--------+

Top non-repeatable levels by time:
     D:1: 212 daAuts
